 Dungeon Crawl Stone Soup version 0.29.0-7-g18a832c13a (webtiles) character file.

Game seed: 13285234608388649487

53 Gabide the Trooper (level 3, -5/29 HPs)
             Began as a Mummy Berserker on Sept 1, 2022.
             Was a Follower of Trog.
             Slain by an orc
             ... wielding a +0 mace
              (6 damage)
             ... on level 2 of the Dungeon.
             The game lasted 00:02:36 (1792 turns).

Gabide the Trooper (Mummy Berserker)                Turns: 1792, Time: 00:02:37

Health: -5/29      AC:  3    Str: 22    XL:     3   Next: 62%
Magic:  3/3        EV: 12    Int:  6    God:    Trog [*.....]
Gold:   127        SH:  0    Dex: 11    Spells: 2/2 levels left

rFire   . . .      SeeInvis .   a - +0 mace
rCold   + . .      Faith    .   (no shield)
rNeg    + + +      Spirit   .   b - +0 animal skin
rPois   ∞          Reflect  .   (no helmet)
rElec   .          Harm     .   f - +0 cloak
rCorr   .          Rampage  .   (no gloves)
Will    +....                   (no boots)
Stlth   +.........              (no amulet)
HPRegen 0.09/turn               c - ring of protection from fire
MPRegen 0.08/turn               e - ring of willpower

@: no status effects
A: cold resistance 1, negative energy resistance 3, torment resistance 2, heat
vulnerability 1, in touch with death 1, no potions
a: Renounce Religion


You were on level 2 of the Dungeon.
You worshipped Trog.
Trog was aware of your devotion.
You visited 1 branch of the dungeon, and saw 3 of its levels.

You collected 127 gold pieces.

Inventory:

Hand Weapons
 a - a +0 mace (weapon)
Missiles
 n - 3 javelins (quivered)
Armour
 b - a +0 animal skin (worn)
 f - a +0 cloak (worn)
 m - a scarf of invisibility
Jewellery
 c - a ring of protection from fire (left hand)
 d - a ring of see invisible
 e - a ring of willpower (right hand)
Scrolls
 g - a scroll of summoning
 h - a scroll of teleportation
 i - a scroll of blinking
 j - a scroll of silence
 k - a scroll of poison
 l - a scroll of fear {unknown}
 o - a scroll of vulnerability {unknown}


   Skills:
 + Level 3.6 Fighting
 + Level 3.2 Maces & Flails
 - Level 1.5 Armour
 + Level 1.9 Dodging


You had 2 spell levels left.
You didn't know any spells.
Your spell library was empty.

Dungeon Overview and Level Annotations

Branches:
Dungeon (3/15)

Altars:


Innate Abilities, Weirdness & Mutations

You are immune to poison.
Your flesh is cold resistant. (rC+)
You are immune to negative energy. (rN+++)
You are immune to unholy pain and torment.
You are vulnerable to heat. (rF-)
You are in touch with the powers of death.
You do not drink.


Message History

* * * LOW HITPOINT WARNING * * *
The orc hits you but does no damage.
There is a stone staircase leading up here.
The orc hits you with a +0 mace.
* * * LOW HITPOINT WARNING * * *
You climb upwards.
There is a stone staircase leading down here.
You can't drink.
Your skin crawls.
You feel strong-willed.
You can no longer call upon Trog for regeneration and willpower.
The orc hits you with a +0 mace.
* * * LOW HITPOINT WARNING * * *
The orc attacks as you move away! The orc closely misses you.
You feel the effects of Trog's Hand fading.
The orc attacks as you move away! The orc closely misses you.
The orc attacks as you move away! The orc hits you with a +0 mace!
* * * LOW HITPOINT WARNING * * *
The orc attacks as you move away! The orc misses you.
Things that are here:
a +0 club; a rat corpse You hit the orc.
The orc is severely wounded.
Your skin stops crawling.
You feel less strong-willed. The orc closely misses you.
The orc hits you with a +0 mace.
* * * LOW HITPOINT WARNING * * *
You hit the orc but do no damage.
The orc is heavily wounded.
The orc misses you.
You hit the orc but do no damage.
The orc is heavily wounded.
The orc hits you with a +0 mace.
* * * LOW HITPOINT WARNING * * *
You hit the orc.
The orc is almost dead.
The orc closely misses you.
You closely miss the orc.
The orc is almost dead.
The orc hits you with a +0 mace.
You die...

#.....# #.....# #.!...# #.....#
#.....# ###.>...#
#########...#...#
##.....#.....###.# ######
##...@o........##.#### #....#
#.....†.........#.##.. #....#
#.....†.........#.#... #....#
#...............#..... #....####
#...............#.....
#.......####...............##....
#....##....##.............###....
####....##...............## #....
####..###......##..#### #<...


You could see an orc.

Vanquished Creatures
  2 adders (D:2)
  A worm (D:2)
  2 dart slugs
  2 orcs (D:3)
  5 ball pythons
  A giant cockroach (D:1)
  3 goblins (D:2)
  3 hobgoblins (D:1)
  A bat (D:1)
  3 frilled lizards (D:2)
  2 kobolds (D:1)
  3 rats
28 creatures vanquished.

Notes
Turn   | Place    | Note
-------+----------+-------------------------------------------
     0 | D:1      | Gabide the Mummy Berserker began the quest for the Orb.
     0 | D:1      | Reached XP level 1. HP: 18/18 MP: 1/1
    67 | D:1      | Found a faded altar of an unknown god.
   533 | D:1      | Reached XP level 2. HP: 24/24 MP: 2/2
   953 | D:2      | Gained mutation: You are in touch with the powers of death.
                  | [Mummy growth]
   953 | D:2      | Reached XP level 3. HP: 28/29 MP: 3/3
  1647 | D:2      | Reached ** piety under Trog
  1790 | D:2      | HP: 1/29 [orc/+0 mace (2)]
  1792 | D:2      | Slain by an orc

Illustrated notes

Levels and vault maps discovered:
D:1:      elethiomel_arrival_quiet, layout_basic, ebering_ecumenical_altar_webs
D:2:      layout_rooms
D:3:      layout_rooms, mainiacjoe_overflow_small_starburst,
          portal_sewer_entry_b, minmay_bisected, uniq_natasha

Skill      XL: |  1  2 |
---------------+-------+-----
Maces & Flails | 3 |  3.2
Fighting       | |  3.6
Armour         | |  1.5
Dodging        | |  1.9

Action                   || total
-------------------------++-------
Melee: Mace              ||   120
       Punch             ||     1
Invok: Trog's Hand       ||     1
  Use: Scroll            ||     5
Armor: Animal skin       ||    25
Dodge: Dodged            ||    96
